Map: Winter Madness LE

Players

HoldTheDoor - Winner!

  • Race: Protoss Protoss
  • League: Diamond
  • Spawn Location: 5:00

MrPink

  • Race: Zerg Zerg
  • Spawn Location: 11:00

VOD

Have the link to the VOD?

Description

Time

  • Played on: May 19, 2026, 11:40 a.m.
  • Length: 6:38
Show
View Real Time Build Order
Export as new Build Order

HoldTheDoor Protoss - Winner!

Build Orders: 1 Gate Expand 

Get SALT Encoding   

  12  0:00  Probe  
  13  0:12  Probe  
  14  0:24  Probe  
  14  0:26  Pylon  
  15  0:41  Probe  
  15  0:45  Gateway  
  15  0:49  Probe  
  16  0:51  Assimilator  
  17  0:59  Probe  
  18  1:16  Probe  
  19  1:37  Nexus  
  19  1:40  Cybernetics Core  
  19  1:42  Probe  
  19  1:46  Pylon  
  20  1:54  Probe  
  21  2:04  Stalker  
  21  2:06  Probe, Gateway  
  22  2:17  Warp Gate  
  22  2:19  Probe  
  25  2:30  Stalker  
  25  2:34  Pylon  
  27  2:42  Probe  
  28  3:07  Probe  
  28  3:10  Stalker  
  27  3:18  Robotics Facility  
  29  3:30  Probe  
  29  3:31  Probe  
  31  3:43  Probe x2  
  31  3:46  Gateway  
  33  3:49  Gateway  
  33  3:53  Gateway x2  
  33  3:55  Probe x2, Warp Prism  
  35  4:07  Probe x2  
  39  4:13  Gateway  
  39  4:25  Gateway  
  39  4:26  Stalker  
  39  4:28  Stalker  
  43  4:36  Pylon  
  43  4:43  Pylon  
  43  4:44  Pylon  
  43  4:49  Pylon  
  43  4:54  Stalker  
  43  4:55  Stalker x2  
  49  5:06  Stalker  
  51  5:07  Zealot  
  51  5:08  Zealot  
  51  5:10  Zealot  
  57  5:18  Zealot x2  
  61  5:21  Zealot  
  63  5:38  Stalker  
  63  5:40  Zealot x3  
  63  5:41  Zealot  
  73  5:50  Zealot  
  73  5:51  Zealot x2  
  79  6:06  Zealot x3  
  81  6:17  Zealot x5  
Show
View Real Time Build Order
Export as new Build Order

MrPink Zerg 

Build Orders: Hatch First 

Get SALT Encoding   

  12  0:01  Drone  
  13  0:11  Drone  
  14  0:18  Extractor, Drone  
  15  0:22  Overlord  
  15  0:41  Drone  
  16  0:50  Hatchery  
  16  0:53  Drone  
  16  0:55  Drone  
  17  0:59  Drone  
  18  1:16  Extractor  
  18  1:17  Spawning Pool  
  16  1:24  Drone x2  
  18  1:27  Drone  
  19  1:50  Drone  
  20  2:05  Queen x2  
  20  2:06  Zergling x6  
  27  2:10  Overlord  
  27  2:28  Drone x3  
  30  2:33  Metabolic Boost  
  30  2:46  Hatchery  
  30  2:50  Overlord  
  29  2:57  Zergling x2  
  29  2:58  Zergling x4  
  31  3:09  Drone  
  31  3:10  Drone x3  
  34  3:26  Drone x4  
  34  3:27  Drone x2  
  39  3:29  Lair  
  39  3:41  Overlord, Drone  
  39  3:42  Drone  
  39  3:47  Drone  
  42  3:51  Queen  
  44  3:58  Drone  
  44  4:02  Extractor  
  44  4:06  Extractor  
  43  4:10  Spore Crawler  
  43  4:11  Queen  
  43  4:13  Drone x3  
  43  4:14  Drone  
  43  4:15  Drone  
  43  4:17  Drone x3  
  51  4:18  Overlord  
  51  4:20  Drone  
  51  4:22  Drone  
  55  4:24  Drone  
  55  4:39  Drone x2  
  55  4:43  Drone x2  
  59  4:50  Spore Crawler  
  58  5:00  Evolution Chamber  
  58  5:02  Evolution Chamber  
  58  5:05  Drone  
  58  5:06  Hydralisk Den, Drone  
  58  5:07  Overlord x3  
  57  5:09  Zergling x16  
  65  5:20  Overseer  
  65  5:21  Pneumatized Carapace  
  65  5:26  Extractor  
  66  5:30  Zergling x10  
  66  5:31  Zergling x4  
  68  5:43  Hydralisk x6  
  76  5:53  Roach Warren  
  76  5:54  Baneling Nest  
  73  6:02  Zergling x12  
  73  6:03  Zergling x2  
  78  6:10  Hydralisk  
Tags
 
Add a new tag
Caveats
  • Supply blocks, unpowered buildings, or Contaminate may cause inaccurate times.
  • Supply counts are checked every 10 seconds.